Map: Ephemeron LE

Players

Astrea - Winner!

  • Race: Protoss Protoss
  • League: Grandmaster
  • Spawn Location: 11:00

puCK (Nina)

  • Race: Protoss Protoss
  • League: Grandmaster
  • Spawn Location: 5:00

Event: Cheeseadelphia XI, Cheeseadelphia XI

VOD

Have the link to the VOD?

Description

Time

  • Played on: Dec. 14, 2019, 3:38 p.m.
  • Length: 16:36

All games in this series

Show
View Real Time Build Order
Export as new Build Order

Astrea Protoss - Winner!

Build Orders: Phoenix Opening, Archon Immortal 

Get SALT Encoding   

  12  0:01  Probe  
  13  0:13  Probe  
  14  0:17  Pylon  
  14  0:25  Probe (Chrono Boost)  
  15  0:37  Probe (Chrono Boost)  
  15  0:39  Gateway  
  16  0:44  Probe (Chrono Boost)  
  16  0:46  Assimilator  
  17  0:51  Probe  
  17  0:55  Assimilator  
  18  1:03  Probe (Chrono Boost)  
  19  1:07  Gateway  
  19  1:13  Probe (Chrono Boost)  
  19  1:18  Probe (Chrono Boost)  
  21  1:26  Cybernetics Core  
  21  1:30  Probe  
  22  1:34  Pylon  
  22  1:42  Probe  
  24  1:54  Probe  
  24  1:59  Warp Gate (Chrono Boost)  
  24  2:04  Stalker, Sentry  
  24  2:06  Probe  
  29  2:11  Pylon  
  29  2:20  Probe  
  30  2:25  Pylon  
  30  2:27  Shield Battery  
  30  2:30  Sentry  
  30  2:33  Probe  
  33  2:37  Phoenix  
  33  2:45  Nexus  
  33  2:49  Sentry  
  33  2:50  Probe  
  36  2:59  Pylon  
  36  3:02  Probe  
  37  3:14  Probe (Chrono Boost)  
  38  3:25  Probe (Chrono Boost)  
  39  3:28  Robotics Facility  
  39  3:29  Probe (Chrono Boost)  
  40  3:36  Phoenix  
  40  3:41  Probe  
  41  3:42  Stalker x2  
  45  3:52  Forge  
  45  3:55  Probe (Chrono Boost)  
  46  3:57  Probe (Chrono Boost)  
  46  4:00  Phoenix  
  47  4:03  Pylon  
  47  4:08  Probe (Chrono Boost)  
  49  4:10  Probe (Chrono Boost)  
  49  4:13  Probe (Chrono Boost), Immortal (Chrono Boost)  
  54  4:17  Probe  
  54  4:24  Probe  
  56  4:27  Protoss Ground Weapons Level 1  
  56  4:29  Adept, Probe  
  56  4:30  Adept  
  60  4:34  Pylon  
  60  4:36  Probe  
  61  4:43  Probe  
  61  4:44  Assimilator  
  61  4:45  Observer  
  63  4:47  Assimilator  
  63  4:48  Twilight Council  
  63  4:50  Probe  
  64  4:55  Probe  
  65  5:02  Probe  
  65  5:04  Pylon  
  66  5:07  Observer, Probe  
  67  5:14  Immortal (Chrono Boost)  
  67  5:17  Gateway x2  
  67  5:18  Observer  
  67  5:22  Adept  
  67  5:25  Adept  
  71  5:34  Blink  
  71  5:40  Shield Battery  
  71  5:42  Shield Battery  
  71  5:44  Stalker  
  73  5:50  Shield Battery  
  73  5:51  Stalker  
  73  5:53  Probe  
  66  6:05  Immortal (Chrono Boost)  
  66  6:08  Stalker  
  65  6:12  Stalker  
  65  6:14  Sentry  
  69  6:19  Sentry  
  69  6:37  Observer  
  69  6:41  Stalker  
  69  6:42  Stalker x2  
  69  6:43  Stalker  
  69  6:46  Pylon  
  77  6:50  Warp Prism (Chrono Boost)  
  76  7:02  Pylon  
  76  7:07  Sentry x2  
  76  7:08  Stalker, Gateway x2  
  81  7:12  Stalker  
  83  7:26  Pylon  
  83  7:31  Protoss Ground Weapons Level 2 (Chrono Boost)  
  83  7:37  Charge (Chrono Boost)  
  83  7:45  Nexus  
  83  7:50  Immortal  
  87  7:57  Pylon  
  87  8:03  Observer  
  87  8:04  Probe  
  87  8:05  Probe  
  89  8:06  Zealot x3  
  89  8:07  Templar Archives  
  89  8:10  Zealot  
  97  8:17  Probe x2  
  99  8:29  Probe, Immortal  
  99  8:30  Probe  
  99  8:32  Zealot  
  107  8:34  Pylon  
  107  8:39  Shield Battery  
  107  8:41  Probe  
  108  8:42  Probe  
  109  8:56  High Templar x2  
  109  8:57  Probe x3  
  109  9:01  Archon  
  109  9:02  High Templar x2  
  120  9:05  Pylon  
  120  9:08  Archon  
  120  9:09  Probe x2, Zealot x2  
  127  9:10  Probe  
  93  9:25  Probe  
  93  9:28  Zealot x2  
  93  9:30  Zealot x2  
  89  9:32  Zealot  
  89  9:36  Stalker  
  89  9:38  Probe x2  
  85  9:44  Probe  
  77  9:49  High Templar x2, Zealot  
  77  9:50  Zealot x2  
  83  9:52  Archon  
  80  10:02  Zealot  
  81  10:12  High Templar x2, Zealot  
  85  10:16  Archon  
  85  10:17  Protoss Ground Weapons Level 3 (Chrono Boost)  
  85  10:23  Pylon, Warp Prism  
  87  10:28  Zealot x3  
  87  10:31  Pylon  
  93  10:41  Probe x2  
  91  10:47  High Templar x2  
  91  10:48  Zealot x4  
  103  10:53  Photon Cannon  
  103  10:54  Shield Battery  
  103  10:55  Archon  
  103  11:01  Shield Battery  
  103  11:03  Shield Battery  
  103  11:10  Probe x3  
  106  11:15  High Templar  
  106  11:16  High Templar, Zealot x2  
  114  11:20  Archon, Zealot x2  
  118  11:27  Pylon  
  118  11:29  Pylon  
  118  11:40  Zealot  
  120  11:48  Zealot x5  
  130  11:55  Probe x3  
  130  11:57  Assimilator  
  130  11:58  Assimilator  
  129  12:13  High Templar x4  
  129  12:14  Zealot x2  
  129  12:15  Gateway x2  
  139  12:17  Gateway  
  139  12:20  Archon  
  139  12:21  Archon  
  139  12:28  Observer  
  140  12:30  Pylon  
  140  12:31  Photon Cannon  
  140  12:32  Nexus  
  140  12:34  Protoss Shields Level 1 (Chrono Boost)  
  140  12:42  High Templar  
  142  12:49  High Templar, Zealot x4  
  150  13:02  Archon  
  150  13:14  Zealot x3  
  150  13:17  Pylon  
  150  13:18  Pylon  
  150  13:19  Photon Cannon  
  156  13:22  Shield Battery  
  156  13:25  Pylon  
  156  13:27  Photon Cannon  
  150  13:46  Zealot x4  
  150  13:47  Zealot x2  
  160  13:49  Stalker, High Templar x2  
  160  13:53  Archon  
  160  13:54  Photon Cannon  
  156  14:00  Warp Prism  
  150  14:13  Stalker x7  
  138  14:41  Zealot x9  
  156  14:45  Immortal  
  150  15:04  High Templar x5  
  150  15:05  High Templar  
  150  15:06  Zealot x3  
  168  15:08  Archon x2  
  168  15:09  Archon  
  149  15:28  Stalker x2  
  149  15:29  Sentry  
  143  15:46  Zealot x6  
  151  15:52  High Templar x2  
  151  15:53  Stalker  
  151  15:56  Archon  
  150  16:03  Observer  
  149  16:16  Zealot x6  
  149  16:17  Zealot  
Show
View Real Time Build Order
Export as new Build Order

puCK Protoss 

Build Orders: Phoenix Opening, Blink Stalkers 

Get SALT Encoding   

  12  0:00  Probe  
  13  0:12  Probe  
  14  0:18  Pylon  
  14  0:25  Probe (Chrono Boost)  
  15  0:37  Probe (Chrono Boost)  
  15  0:39  Gateway  
  16  0:45  Probe (Chrono Boost)  
  17  0:50  Assimilator  
  17  0:53  Probe (Chrono Boost)  
  18  0:59  Assimilator  
  18  1:05  Probe (Chrono Boost)  
  18  1:09  Gateway  
  19  1:13  Probe (Chrono Boost)  
  20  1:20  Probe  
  21  1:27  Cybernetics Core  
  21  1:32  Probe  
  22  1:36  Pylon  
  22  1:44  Probe  
  23  1:56  Probe  
  24  2:03  Stalker, Sentry  
  24  2:04  Warp Gate  
  28  2:09  Probe  
  28  2:13  Pylon  
  29  2:23  Probe  
  30  2:40  Twilight Council  
  30  2:46  Probe  
  30  2:52  Nexus  
  30  2:59  Phoenix, Stalker  
  30  3:02  Probe  
  33  3:12  Stalker  
  35  3:19  Blink  
  35  3:22  Probe  
  36  3:28  Pylon  
  36  3:36  Probe  
  37  3:48  Probe  
  38  3:49  Gateway  
  38  3:56  Stalker  
  38  3:58  Stalker  
  42  4:04  Probe  
  42  4:06  Probe  
  44  4:12  Gateway  
  44  4:16  Probe (Chrono Boost)  
  45  4:18  Probe (Chrono Boost)  
  46  4:28  Probe (Chrono Boost)  
  46  4:29  Probe (Chrono Boost)  
  48  4:31  Stalker  
  48  4:33  Probe (Chrono Boost)  
  48  4:34  Stalker, Probe (Chrono Boost)  
  54  4:42  Pylon, Probe  
  54  4:45  Probe  
  56  4:48  Stalker  
  58  4:54  Probe  
  58  4:57  Probe  
  58  4:59  Stalker  
  62  5:01  Stalker  
  62  5:07  Probe  
  65  5:09  Probe  
  65  5:12  Stalker x2  
  70  5:16  Pylon  
  70  5:18  Pylon  
  70  5:34  Stalker x2  
  74  5:36  Stalker x2  
  74  5:38  Probe x2  
  74  5:41  Pylon  
  80  5:50  Probe x2  
  70  6:00  Stalker x3  
  70  6:02  Probe x2  
  70  6:14  Probe  
  70  6:16  Stalker, Probe  
  74  6:18  Nexus  
  74  6:25  Stalker x2  
  73  6:34  Stalker  
  73  6:36  Probe  
  71  6:40  Phoenix  
  71  6:42  Stalker  
  71  6:46  Charge (Chrono Boost)  
  71  6:56  Probe  
  69  7:01  Probe, Assimilator  
  69  7:03  Assimilator  
  69  7:07  Stalker  
  71  7:08  Probe  
  71  7:12  Gateway  
  71  7:13  Probe  
  71  7:15  Gateway  
  73  7:20  Stalker  
  73  7:22  Stalker  
  77  7:36  Stalker x2  
  81  7:42  Gateway  
  82  7:47  Gateway  
  82  7:48  Pylon  
  83  7:52  Gateway  
  83  7:53  Stalker  
  83  7:55  Stalker  
  85  8:02  Adept  
  85  8:03  Adept  
  85  8:04  Probe  
  85  8:05  Probe  
  91  8:06  Probe (Chrono Boost)  
  91  8:10  Robotics Facility  
  92  8:16  Sentry  
  92  8:17  Probe (Chrono Boost)  
  97  8:22  Probe (Chrono Boost)  
  97  8:26  Stalker x2  
  97  8:27  Probe (Chrono Boost)  
  97  8:28  Zealot  
  97  8:31  Zealot  
  97  8:34  Zealot  
  103  8:40  Zealot x2  
  107  8:44  Zealot  
  107  8:46  Pylon  
  109  8:48  Zealot  
  109  8:51  Zealot  
  109  8:54  Zealot  
  115  8:57  Zealot  
  97  9:19  Zealot x7  
  98  9:25  Zealot  
  92  9:34  Zealot  
  80  9:41  Zealot x2  
  80  9:42  Zealot  
  68  9:51  Zealot x2  
  71  10:12  Probe x2  
  73  10:14  Templar Archives  
  73  10:17  Probe  
  74  10:24  Observer (Chrono Boost), Probe  
  74  10:26  Probe  
  74  10:28  Zealot x3  
  83  10:31  Probe  
  81  10:36  Probe (Chrono Boost)  
  81  10:38  Probe (Chrono Boost)  
  81  10:44  Pylon  
  81  10:48  Probe (Chrono Boost)  
  81  10:49  Probe (Chrono Boost)  
  84  10:50  Probe (Chrono Boost), High Templar  
  84  10:51  High Templar x3  
  84  10:54  Archon  
  84  10:56  Probe (Chrono Boost), Archon, High Templar x2  
  96  10:58  Probe (Chrono Boost)  
  96  11:00  Archon  
  96  11:01  High Templar  
  96  11:03  High Templar  
  102  11:06  Probe, Archon  
  102  11:08  Probe  
  102  11:10  Zealot  
  106  11:12  Probe  
  107  11:20  Pylon x2  
  107  11:24  Zealot  
  109  11:29  Pylon  
  109  11:35  Robotics Bay  
  109  11:38  Probe  
  109  11:41  Probe  
  109  11:42  Zealot x3  
  112  11:51  Robotics Facility  
  112  11:52  Probe x2  
  112  11:54  Probe  
  114  12:06  Probe  
  114  12:08  Robotics Facility  
  115  12:09  Probe  
  117  12:17  Assimilator  
  117  12:19  Probe  
  117  12:20  Disruptor (Chrono Boost), Assimilator  
  121  12:23  Probe  
  121  12:27  Forge  
  121  12:36  Disruptor (Chrono Boost)  
  124  12:44  Pylon  
  124  12:47  Pylon, Disruptor (Chrono Boost)  
  127  12:55  Pylon  
  127  12:57  Disruptor  
  126  13:00  Zealot x2  
  126  13:04  Disruptor  
  133  13:05  Protoss Ground Weapons Level 1 (Chrono Boost)  
  133  13:07  Photon Cannon  
  133  13:17  Disruptor  
  133  13:18  Zealot  
  133  13:19  Zealot  
  136  13:33  Photon Cannon  
  134  13:41  Stalker x4  
  140  13:42  Disruptor (Chrono Boost)  
  132  14:04  Photon Cannon  
  132  14:05  Probe  
  132  14:06  Photon Cannon  
  132  14:08  Probe  
  134  14:12  Observer (Chrono Boost)  
  134  14:15  Zealot  
  139  14:19  Warp Prism (Chrono Boost)  
  138  14:29  Zealot x4  
  143  14:32  Observer  
  144  14:42  Zealot  
  144  14:43  Zealot  
  146  14:49  Zealot  
  146  14:50  Zealot x2  
  146  14:55  Zealot x2  
  144  15:04  Zealot x2  
  105  15:30  Zealot x6  
  107  15:44  Zealot  
  99  15:56  High Templar x2  
  97  16:01  High Templar, Archon  
  99  16:07  High Templar  
  98  16:15  Archon  
  98  16:16  High Templar x2  
  97  16:24  Archon  
Tags
 
Add a new tag
Caveats
  • Supply blocks, unpowered buildings, or Contaminate may cause inaccurate times.
  • Supply counts are checked every 10 seconds.